 Dungeon Crawl Stone Soup version 0.28.0-53-g5a82cb258f (webtiles) character file.

Game seed: 6814062447686055373

2 Gabide the Bolt Thrower (level 1, -1/17 HPs)
             Began as a Barachi Hunter on May 21, 2022.
             Slain by a goblin
             ... wielding a +0 dagger
              (2 damage)
             ... on level 1 of the Dungeon.
             The game lasted 00:00:34 (28 turns).

Gabide the Bolt Thrower (Barachi Hunter)              Turns: 28, Time: 00:00:35

Health: -1/17      AC:  3    Str: 13    XL:     1   Next: 40%
Magic:  1/1        EV: 11    Int: 11    God:
Gold:   9          SH:  0    Dex: 12    Spells: 0/0 levels left

rFire   . . .      SeeInvis .   a - +1 hand crossbow
rCold   . . .      Faith    .   (no shield)
rNeg    . . .      Spirit   .   c - +0 leather armour
rPois   .          Reflect  .   (no helmet)
rElec   .          Harm     .   (no cloak)
rCorr   .          Rampage  .   (no gloves)
Will    .....                   (no boots)
Stlth   +.........              (no amulet)
HPRegen 0.05/turn               (no ring)
MPRegen 0.07/turn               (no ring)

@: unable to hop, slow
A: amphibious, slowness 1, strong legs 1, +LOS
a: Hop


You were on level 1 of the Dungeon.
You visited 1 branch of the dungeon, and saw 1 of its levels.

You collected 9 gold pieces.

Inventory:

Hand Weapons
 a - a +1 hand crossbow (weapon)
 b - a +0 short sword
Missiles
 d - 4 bolts (quivered ammo)
Armour
 c - a +0 leather armour (worn)


   Skills:
 - Level 2.4 Fighting
 + Level 4.1 Crossbows
 - Level 2.1 Dodging
 - Level 0.8 Stealth


You couldn't memorise any spells.
You didn't know any spells.
Your spell library was empty.

Dungeon Overview and Level Annotations

Branches:
Dungeon (1/15)

Altars:


Innate Abilities, Weirdness & Mutations

You are amphibious.
You cover ground slowly.
You can hop short distances.
You have an extended range of vision and can be seen from far away.


Message History

Fire: 9 bolts
Press: ? - help, Q - select action, (/) - cycle Shift-Dir - straight line, f/p - goblin
Aim: a goblin, wielding a +0 dagger (severely wounded, 59% to hit)
You shoot a bolt. The bolt hits the bat.
The bat is moderately wounded.
The bat hits you. The bat hits you but does no damage.
Fire: 8 bolts
Press: ? - help, Q - select action, (/) - cycle Shift-Dir - straight line, f - hobgoblin, p - goblin
Aim: a hobgoblin (lightly wounded, 65% to hit)
You shoot a bolt. The bolt closely misses the hobgoblin.
The bat hits you but does no damage.
The hobgoblin hits you but does no damage.
The goblin hits you with a +0 dagger.
* * * LOW HITPOINT WARNING * * *
Fire: 7 bolts
Press: ? - help, Q - select action, (/) - cycle Shift-Dir - straight line, f/p - hobgoblin
Aim: a hobgoblin (65% to hit)
You shoot a bolt.
The bolt hits the hobgoblin but does no damage.
The bat hits you.
* * * LOW HITPOINT WARNING * * *
The hobgoblin misses you. The goblin hits you but does no damage.
The hobgoblin closely misses you.
Fire: 6 bolts
Press: ? - help, Q - select action, (/) - cycle Shift-Dir - straight line, f/p - hobgoblin
Aim: a hobgoblin (65% to hit)
You shoot a bolt.
The bolt hits the hobgoblin but does no damage.
The bat barely misses you. The goblin hits you but does no damage.
The bat hits you.
* * * LOW HITPOINT WARNING * * *
The hobgoblin barely misses you. The goblin hits you with a +0 dagger.
* * * LOW HITPOINT WARNING * * *
Fire: 5 bolts
Press: ? - help, Q - select action, (/) - cycle Shift-Dir - straight line, f/p - hobgoblin
Aim: a hobgoblin (65% to hit)
You shoot a bolt. The bolt closely misses the hobgoblin.
The bat barely misses you. The bat closely misses you.
The hobgoblin completely misses you. The goblin hits you with a +0 dagger.
You die...

#....# . #.#
((#.# #.#
...?..####.#
((((...((..#
.#.........####
##.....(....>#
#.......)gb.#
###.#..#..@.#
........g..+
............#
#............#
............##
............
..........##
........
........


You could see a hobgoblin, a goblin and a bat.

Vanquished Creatures
  A goblin (D:1)
  A quokka (D:1)
2 creatures vanquished.

Notes
Turn   | Place    | Note
-------+----------+-------------------------------------------
     0 | D:1      | Gabide the Barachi Hunter began the quest for the Orb.
     0 | D:1      | Reached XP level 1. HP: 17/17 MP: 1/1
    28 | D:1      | Slain by a goblin

Illustrated notes

Levels and vault maps discovered:
D:1:      dpeg_arrival_connections, layout_rooms,
          shapermc_ecumenical_altar_ellora

Action                   || total
-------------------------++-------
 Fire: Hand crossbow     ||    16
 Abil: Hop               ||     1
Armor: Leather armour    ||     7
Dodge: Dodged            ||    14
